 Dungeon Crawl Stone Soup version 0.26.0-10-g1f06aea511 (webtiles) character file.

Game seed: 8217094429689507885

463 CurlyBrace the Scratcher (level 6, -1/28 HPs)
             Began as a Felid Warper on Jan 14, 2021.
             Slain by an orc
             ... wielding a +2 dagger of speed
              (2 damage)
             ... on level 7 of the Dungeon.
             The game lasted 00:13:24 (799 turns).

CurlyBrace the Scratcher (Felid Warper)              Turns: 799, Time: 00:13:24

Health: -1/28      AC:  2    Str: 13    XL:     6   Next: 79%
Magic:  8/10       EV: 19    Int: 17    God:
Gold:   78         SH:  0    Dex: 15    Spells: 3/9 levels left
                                        Lives:  0   Deaths: 1

rFire    . . .     SeeInvis +     - Unarmed
rCold    . . .     Faith    .   (shield unavailable)
rNeg     . . .     Spirit   .   (armour unavailable)
rPois    .         Reflect  .   (helmet unavailable)
rElec    .         Harm     .   (cloak unavailable)
rCorr    .         Rampage  .   (gloves unavailable)
Will     .....                  (boots unavailable)
Stlth    +++.......             a - amulet of inaccuracy (curse)
HPRegen  0.09/turn              b - +6 ring of strength
MPRegen  0.12/turn              (no ring)

@: mighty, quick
A: very small, no armour, no weapons or thrown items, stealth, claws 1, fangs 3,
see invisible, speed 1, shaggy fur 2, sharp paws
a: no special abilities


You were on level 7 of the Dungeon.
You visited 1 branch of the dungeon, and saw 6 of its levels.

You collected 78 gold pieces.

Inventory:

Jewellery
 a - a cursed amulet of inaccuracy (around neck)
   (You found it on level 4 of the Dungeon)
 b - a +6 ring of strength (left paw)
   (You found it on level 3 of the Dungeon)
 c - an uncursed amulet of reflection {unknown}
   (You found it on level 4 of the Dungeon)
Scrolls
 z - a scroll of blinking


   Skills:
 + Level 4.1 Fighting
 - Level 4.0 Dodging
 - Level 4.0 Stealth
 + Level 5.9 Unarmed Combat
 + Level 2.1 Spellcasting
 - Level 5.0 Translocations


You had 3 spell levels left.
You knew the following spells:

 Your Spells              Type           Power        Failure   Level
a - Blink                 Tloc           N/A          3%          2
b - Passage of Golubria   Tloc           N/A          24%         4

Your spell library contained the following spells:

 Spells                   Type           Power        Failure   Level
 Gell's Gravitas          Tloc           9%           8%          3
 Lesser Beckoning         Tloc           9%           8%          3
 Teleport Other           Tloc           18%          8%          3


Dungeon Overview and Level Annotations

Branches:
Dungeon (8/15)
 Temple: D:4-7         Lair: D:8-11

Altars:
Trog

Shops:
D:4 (:[

Annotations:
D:4 Natasha


Innate Abilities, Weirdness & Mutations

You cannot wear armour.
You are incapable of wielding weapons or throwing items.
Your paws allow you to move quietly. (Stealth)
You have sharp claws.
You have razor-sharp teeth.
You have supernaturally acute eyesight. (SInv)
You cover ground quickly.
You are covered in thick fur. (AC +2)
Your sharp claws are effective at attacking unaware monsters.


Message History

A worker ant comes into view.
A worker ant comes into view.
The orc shouts!
The worker ant waves its antennae.
You claw the worker ant! You bite the worker ant.
The worker ant is severely wounded.
The worker ant closely misses you.
Casting: Passage of Golubria (extremely dangerous; 24% risk of failure)
Confirm with . or Enter, or press ? or * to list all spells.
You blink.
You claw the jelly!
Your paws burn!
* * * LOW HITPOINT WARNING * * *
You bite the jelly!
You kill the jelly!
Unknown command.
You claw the worker ant!
You kill the worker ant!
You closely miss the orc.
The orc hits you with a +2 dagger of speed.
You die...

.....#.###########..##...........
.....#.. #..########.#..#
...[.#.## #.# #..# #.#..#
...###.# #.# #..# #.#..# ...# #.#
#.# #..# #.#... †..# #.# #.# #..#
#.#..#
######.####.######..########.#..#
.................o...............
###########.##..@#..####...#.##
#.##...#..... o......
#.##......####...#.## #.##.....##
...# # #.###....## ...# #.#
#.....########
#.###.....#....###.#
#..................
#########†#....###


You could see an orc.

Vanquished Creatures
  A wyvern (D:7)
  2 bullfrogs
  A water moccasin zombie (D:7)
  A scorpion (D:7)
  2 howler monkeys
  2 jellies (D:7)
  A hound (D:4)
  2 worker ants (D:7)
  A howler monkey skeleton (D:7)
  An adder (D:7)
  2 leopard geckos
  2 orcs (D:4)
  2 giant cockroaches
  A goblin (D:3)
  A hobgoblin (D:2)
  2 kobolds
  A quokka (D:7)
  A bat (D:2)
  A frilled lizard (D:2)
  2 rats (D:4)
29 creatures vanquished.

Notes
Turn   | Place    | Note
-------+----------+-------------------------------------------
     0 | D:1      | CurlyBrace the Felid Warper began the quest for the Orb.
     0 | D:1      | Reached XP level 1. HP: 9/9 MP: 4/4
    53 | D:3      | Reached skill level 1 in Stealth
   190 | D:2      | Reached XP level 2. HP: 13/13 MP: 6/6
   195 | D:2      | Learned a level 2 spell: Blink
   404 | D:4      | Reached XP level 3. HP: 5/16 MP: 3/7
   416 | D:4      | Noticed Natasha
   419 | D:4      | Found Jefaodgh's Armour Boutique.
   451 | D:4      | Reached XP level 4. HP: 15/19 MP: 1/8
   456 | D:4      | Learned a level 4 spell: Passage of Golubria
   460 | D:4      | Found Moaziof's Book Emporium.
   515 | D:4      | Noticed a bullfrog
   521 | D:4      | Killed a bullfrog
   522 | D:4      | Reached skill level 5 in Translocations
   522 | D:4      | Reached XP level 5. HP: 22/22 MP: 9/9
   550 | D:4      | Found Cuddox's Weapon Shoppe.
   572 | D:4      | Found a bloodstained altar of Trog.
   605 | D:4      | You fall into a shaft and drop 3 floors!
   613 | D:7      | Noticed a wyvern
   636 | D:7      | Killed a wyvern
   637 | D:7      | Gained mutation: You are covered in thick fur. (AC +2)
                  | [Felid growth]
   637 | D:7      | Reached XP level 6. HP: 23/28 MP: 10/10
   663 | D:7      | Splashed by a jelly's acid
   664 | D:7      | Reached XP level 5. HP: -2/24 MP: 1/9
   741 | D:7      | Reached skill level 5 in Unarmed Combat
   741 | D:7      | Reached XP level 6. HP: 19/28 MP: 4/10
   758 | D:7      | HP: 1/28 [adder (5)]
   794 | D:7      | HP: 1/28 [acid (3)]
   799 | D:7      | Slain by an orc

Illustrated notes

Levels and vault maps discovered:
D:1:      psy_arrival_spokes, layout_basic, ebering_dispersal_statue_hall,
          minmay_misc_feat_encased
D:2:      layout_basic, eino_curves_02, grunt_dithmenos_smoke_and_mirrors,
          uniq_jessica
D:3:      layout_loops_corners, amcnicky_mini_corridor_feature, uniq_ijyb
D:4:      layout_basic, amethyst_overflow_temple_binary,
          minmay_temple_entry_overgrown, gammafunk_ghost_cemetery, serial_shops,
          nicolae_shop_crystal, kennysheep_mini_moat, shop,
          nicolae_shop_window_shopping, shop, trog_butcher_becter, uniq_natasha
D:7:      layout_basic, uniq_crazy_yiuf_cottage
D:8:      layout_basic, fedhas_altar_4, grunt_temple_overflow_open, zin_purify,
          gammafunk_ghost_spectres, uniq_joseph, uniq_maurice, uniq_gastronok

Skill      XL: |  1  2  3  4  5  6 |
---------------+-------------------+-----
Stealth        | 1 3 4 |  4.0
Unarmed Combat | 3 4 5 |  5.9
Translocations | 5 |  5.0
Fighting       | 3 4 |  4.1
Dodging        | 4 |  4.0
Spellcasting   | |  2.1

Action                   |  1- 3 |  4- 6 || total
-------------------------+-------+-------++-------
Melee: Unarmed           |    34 |    85 ||   119
       Punch             |     1 |     1 ||     2
       Bite              |       |    18 ||    18
 Cast: Blink             |    11 |     8 ||    19
       Passage of Golubr |       |     1 ||     1
  Use: Scroll            |     1 |     2 ||     3
       Potion            |     2 |     4 ||     6
 Stab: Sleeping          |     2 |     2 ||     4
Armor: Skin              |     1 |       ||     1
Dodge: Dodged            |    29 |    71 ||   100
